 Dungeon Crawl Stone Soup version 0.19-a0-1457-g32fba05 (webtiles) character file.

254 Amnesiac the Slasher (level 6, -1/66 HPs)
             Began as a Human Skald on Sept 7, 2016.
             Succumbed to CypherZel's ghost's poison
             ... on level 4 of the Dungeon.
             The game lasted 00:06:26 (2002 turns).

Amnesiac the Slasher (Human Skald)                  Turns: 2002, Time: 00:06:27

Health: -1/66      AC: 23    Str: 12    XL:     6   Next: 38%
Magic:  6/9        EV:  2    Int: 12    God:
Gold:   215        SH:  0    Dex: 15    Spells: 2 memorised, 5 levels left

rFire  . . .     SeeInvis .     r - +2 falchion (flame)
rCold  . . .     Gourm    .     (armour currently unavailable)
rNeg   + + +     Faith    .     (no shield)
rPois  +         Spirit   .     (helmet currently unavailable)
rElec  .         Dismiss  .     (cloak currently unavailable)
rCorr  .         Reflect  .     (gloves currently unavailable)
MR     .....     Harm     .     (boots currently unavailable)
Stlth  +......... NoTele   +    h - amulet of magic regeneration
                                (no ring)
                                b - ring of teleportation (curse)

@: lethally poisoned (-1 -> -23), tree-form, infused (expiring), very slightly
contaminated
A: no striking features
a: no special abilities


You were on level 4 of the Dungeon.
You were hungry.
You were a tree.
You visited 1 branch of the dungeon, and saw 5 of its levels.

You collected 215 gold pieces.

Inventory:

Hand Weapons
 r - a +2 falchion of flaming (weapon)
Armour
 f - the +0 leather armour of Suhut (melded) {Int+2}
   (You found it on level 5 of the Dungeon)

   It affects your intelligence (+2).
Jewellery
 b - a cursed ring of teleportation (left branch)
 h - an amulet of magic regeneration (around neck)
Wands
 l - a wand of polymorph (14/24)
Scrolls
 j - a scroll of identify {unknown}
 k - a scroll of teleportation {unknown}
 n - a scroll of magic mapping {unknown}
 o - a scroll of recharging {unknown}
Books
 c - a book of Battle

   Spells                             Type                      Level
   a - Infusion                       Charms                       1
   b - Shroud of Golubria             Charms/Translocation         2
   c - Song of Slaying                Charms                       2
   d - Spectral Weapon                Hexes/Charms                 3
   e - Regeneration                   Charms/Necromancy            3
Comestibles
 d - a bread ration
 m - a slice of pizza
 p - 2 chunks of flesh
 q - a beef jerky


   Skills:
 - Level 2.0 Fighting
 - Level 5.4 Long Blades
 - Level 1.0 Armour
 - Level 1.0 Dodging
 - Level 2.0 Spellcasting
 + Level 2.8 Hexes
 - Level 3.0 Charms


You had 5 spell levels left.
You knew the following spells:

 Your Spells              Type           Power        Failure   Level  Hunger
d - Spectral Weapon       Hex/Chrm       #.......     30%         3    ####...
e - Infusion              Chrm           #...         10%         1    ##.....


Dungeon Overview and Level Annotations

Branches:
Dungeon (5/15)
 Temple: D:4-7

Altars:
Ashenzari

Annotations:
D:4 CypherZel's ghost, novice HuNe


Message History

It was a potion of lignification.
You turn into a tree.
The +0 leather armour of Suhut {Int+2} melds into your body.
Your roots penetrate the ground.
* * * LOW HITPOINT WARNING * * *
You feel very sick.
CypherZel's ghost hits your spectral weapon!
Your spectral weapon shares its damage with you!
Your spectral weapon fades away.
* * * LOW HITPOINT WARNING * * *
Unknown command.
You strike the helpless CypherZel's ghost from behind!
You hit CypherZel's ghost but do no damage.
CypherZel's ghost is severely damaged.
* * * LOW HITPOINT WARNING * * *
You feel sick.
CypherZel's ghost hits you but does no damage.
Unknown command.
You barely miss CypherZel's ghost.
CypherZel's ghost is severely damaged.
You die...

## #.#....#### ##.##......#
#...#......# # ##...##.....# #.
#.....#.....##### ...
#.....#.......... ....
#..{.)W...{..#
.....##()....###W#.#
..#..........#..♣..#
........######.....# ##......#
#.....##### #......#
#.#.#.#.#.## #......#
#.>........# ........#
#.#.#.#.#.## ##......#
##.........#
#.#############.#.#.#.#########
#. ......................#


You could see CypherZel's ghost.

Vanquished Creatures
  A hungry ghost (D:3)
  An orc wizard (D:4)
  A worker ant (D:4)
  3 adders (D:3)
  An ooze (D:1)
  A worm (D:5)
  A dart slug (D:1)
  4 orcs
  5 giant cockroaches
  A goblin (D:1)
  2 hobgoblins (D:1)
  4 jackals (D:1)
  2 ball pythons
  6 bats
  A giant newt (D:1)
  A kobold (D:2)
  3 rats
38 creatures vanquished.

Vanquished Creatures (others)
  A spectral weapon (D:4)
1 creature vanquished.

Grand Total: 39 creatures vanquished

Notes
Turn   | Place    | Note
-------+----------+-------------------------------------------
     0 | D:1      | Amnesiac the Human Skald began the quest for the Orb.
     0 | D:1      | Reached XP level 1. HP: 16/16 MP: 3/3
   110 | D:1      | Reached XP level 2. HP: 18/22 MP: 5/5
   127 | D:1      | Reached skill level 3 in Long Blades
   253 | D:1      | Reached XP level 3. HP: 18/27 MP: 6/6
   569 | D:3      | Noticed a hungry ghost
   584 | D:2      | Learned a level 3 spell: Spectral Weapon
   600 | D:3      | Killed a hungry ghost
   600 | D:3      | Reached skill level 5 in Long Blades
   600 | D:3      | Reached XP level 4. HP: 17/33 MP: 4/7
   600 | D:3      | Reached XP level 5. HP: 19/38 MP: 4/8
   943 | D:3      | Reached skill level 1 in Hexes
  1078 | D:3      | Reached XP level 6. HP: 24/44 MP: 4/9
  1328 | D:5      | Entered Level 5 of the Dungeon
  1568 | D:5      | Got a fine leather armour
  1579 | D:5      | Identified the +0 leather armour of Suhut {Int+2} (You found it on level 5 of the Dungeon)
  1870 | D:4      | Noticed CypherZel's ghost (novice HuNe)
  1979 | D:4      | Found a shattered altar of Ashenzari.
  2000 | D:4      | HP: 3/66 [CypherZel's ghost (1)]
  2001 | D:4      | HP: 1/66 [poisoned by CypherZel's ghost]
  2002 | D:4      | Succumbed to CypherZel's ghost's poison

Vault maps used:
D:1:      minmay_arrival_solitary_statue
D:2:      gammafunk_temple_overflow_forgotten, first_bread
D:3:      elyvilon_altar_1, uniq_natasha
D:4:      nicolae_ashenzari_panopticon, st_stairs_9, hangedman_decor_riveting,
          guppyfry_early_orc_mine
D:5:      lightli_temple_of_fire, roderic_cross_of_infinity

Skill      XL: |  1  2  3  4  5  6 |
---------------+-------------------+-----
Long Blades    | 3 5 |  5.4
Hexes          | 1 2 |  2.8
Fighting       | |  2.0
Armour         | |  1.0
Dodging        | |  1.0
Spellcasting   | |  2.0
Charms         | |  3.0

Action                   |  1- 3 |  4- 6 || total
-------------------------+-------+-------++-------
Melee: Falchion          |    86 |    87 ||   173
 Cast: Spectral Weapon   |     2 |     4 ||     6
       Infusion          |       |     8 ||     8
  Use: Scroll            |       |     2 ||     2
       Potion            |       |     1 ||     1
 Stab: Sleeping          |     1 |       ||     1
       Distracted        |       |     1 ||     1
  Eat: Meat ration       |       |     1 ||     1
       Chunk             |       |     2 ||     2
Armor: Leather armour    |    16 |    16 ||    32
       Skin              |       |     1 ||     1
Dodge: Dodged            |    47 |    35 ||    82
